Description

This is a copy of Harstem's 4 gate blink, with a stalker first instead of adept.

VOD

https://www.youtube.com/watch?v=PmSrYtYGqdw

Replay - 2v2 4 gate blink

Build Order

Get SALT Encoding   

  6  0:00  Probe  
  13  0:12  Probe  
  14  0:17  Pylon  
  14  0:24  Probe  
  15  0:36  Probe (Chrono Boost), Gateway  
  16  0:48  Assimilator, Probe (Chrono Boost)  
  17  0:53  Probe (Chrono Boost)  
  18  1:03  Probe  
  19  1:15  Probe  
  20  1:23  Cybernetics Core  
  20  1:34  Nexus  
  20  1:35  Probe  
  21  1:41  Pylon  
  22  1:47  Probe  
  22  1:50  Assimilator  
  22  1:58  Stalker (Chrono Boost)  
  25  2:04  Warp Gate  
  26  2:20  Stalker  
  30  2:37  Twilight Council  
  32  2:56  Robotics Facility  
  36  3:16  Gateway x2  
  38  3:25  Blink (Chrono Boost)  Chrono boost this once
  40  3:35  Pylon  
  40  3:38  Gateway  
  41  3:43  Observer  
  43  3:54  Stalker  
  47  3:59  Pylon  
  47  4:00  Assimilator  
  47  4:05  Warp Prism (Chrono Boost)  
  50  4:13  Stalker  
  52  4:18  Pylon  
  52  4:21  Stalker x2  
  56  4:33  Stalker  
  58  4:40  Stalker x2  
  62  4:48  Stalker  
  71  5:18  Nexus  
Spawning Tool Build Advisor. Get it on Overwolf

Analysis

I thought this would be better for 2v2 since stalkers are a faster and more versatile unit for defense. Plus, this way you have 12 stalkers at 5:07 instead of 11, so you can 1-shot a tank even if you lose one. Ideally, this build syncs with a terran timing attack that hits at ~5:10-5:20, like a 3-rax against protoss or tank push against terran.

Use the observer to scout their front wall. The attack will be micro heavy, so determining when to blink on the tanks is key. Harstem explains how to do this in the video.

Go to:

Details

  • Created by: flashandfoul
  • Published on: Aug 26, 2024
  • Modified on: Aug 26, 2024
  • Patch: 5.0.11
  • Difficulty: Medium
Show
View Real Time Build Order
Export as new Build Order

Comments (0)

There are no comments. Be the first!

Create an account to comment!